Match 28679117
Unlisted

Match 28679117
End
Construct Infanterie Kompanie
Grenadier Squad
MG 42 Machine Gun Team
Grenadier Squad
GrW 34 Mortar Team
Construct Luftwaffe Kompanie
Flak 30 Anti-aircraft Gun Team
Selects Breakthrough Battlegroup
Selects Assault Grenadiers
Selects Breakthrough
Support Elements
Selects Rapid Production
Wirbelwind Flakpanzer
Jäger Squad
Luftwaffe Officer Quarters
Breakthrough
Construct Panzergrenadier Kompanie
Ruby
HulkSMASH
nub
FutureNP
0
0

Comments sign in to comment!

No comments posted yet!